 Dungeon Crawl Stone Soup version 0.29.1-2-gbd0b4ee654 (webtiles) character file.

Game seed: 1805353926917002801

178 Explode1 the Chopper (level 5, -11/45 HPs)
             Began as a Minotaur Berserker on Nov 2, 2022.
             Was a Believer of Trog.
             Mangled by an iguana (19 damage)
             ... on level 4 of the Dungeon.
             The game lasted 00:15:29 (3137 turns).

Explode1 the Chopper (Minotaur Berserker)           Turns: 3137, Time: 00:15:30

Health: -11/45     AC:  6    Str: 21 (24) XL:     5   Next: 32%
Magic:  4/4        EV: 10    Int:  2 (4)  God:    Trog [**....]
Gold:   245        SH:  0    Dex:  7 (9)  Spells: 4/4 levels left

rFire   . . .      SeeInvis .   p - +0 whip (venom)
rCold   + . .      Faith    .   l - orb {mayhem}
rNeg    . . .      Spirit   .   v - +0 scale mail
rPois   .          Reflect  .   (helmet restricted)
rElec   .          Harm     .   (no cloak)
rCorr   .          Rampage  .   (no gloves)
Will    .....                   (no boots)
Stlth   ..........              (no amulet)
HPRegen 0.15/turn               o - ring of protection from cold
MPRegen 0.09/turn               (no ring)

@: no status effects
A: horns 2, retaliatory headbutt
a: Renounce Religion, Berserk, Trog's Hand


You were on level 4 of the Dungeon.
You worshipped Trog.
Trog was pleased with you.
You visited 1 branch of the dungeon, and saw 4 of its levels.

You collected 245 gold pieces.

Inventory:

Hand Weapons
 a - a +0 hand axe
 p - a +0 whip of venom (weapon)
Armour
 b - a +0 animal skin
 h - a +0 leather armour
 l - an orb of mayhem (worn)
 s - a +0 ring mail
 t - a +1 leather armour of cold resistance
 v - a +0 scale mail (worn)
Jewellery
 o - a ring of protection from cold (left hand)
Wands
 r - a wand of roots (11)
Scrolls
 c - a scroll of enchant weapon {unknown}
 d - 2 scrolls of teleportation {unknown}
 g - a scroll of acquirement {unknown}
 i - 4 scrolls of identify {unknown}
 k - a scroll of blinking {unknown}
 m - a scroll of magic mapping {unknown}
 n - a scroll of amnesia {unknown}
 q - 2 scrolls of fear {unknown}
Potions
 e - a potion of brilliance {unknown}
 f - a potion of flight {unknown}
 j - a potion of haste


   Skills:
 - Level 3.6 Fighting
 - Level 6.0(6.6) Axes
 + Level 3.8(5.5) Maces & Flails
 - Level 2.4 Armour
 - Level 2.1 Dodging


You had 4 spell levels left.
You didn't know any spells.
Your spell library was empty.

Dungeon Overview and Level Annotations

Branches:
Dungeon (4/15)
 Temple: D:4-7

Altars:
Cheibriados
Fedhas
Okawaru
Uskayaw


Innate Abilities, Weirdness & Mutations

You have a pair of horns on your head.
You reflexively headbutt those who attack you in melee.


Message History

Where to? (Enter - D:3, ? - help)
There is a stone staircase leading down here.
You climb downwards.
Found 7 gold pieces.
There is a stone staircase leading up here.
You now have 245 gold pieces (gained 7).
An endoplasm comes into view.
The endoplasm quivers.
An iguana comes into view.
The iguana hisses angrily.
The iguana moves out of view.
You hit the endoplasm but do no damage. You whack the endoplasm!
You kill the endoplasm!
Trog accepts your kill.
The iguana flies into a frenzy!
You hit the iguana.
The iguana is poisoned.
The iguana is lightly wounded.
The iguana closely misses you.
You barely miss the iguana.
The iguana is lightly wounded.
The iguana bites you.
You hit the iguana.
The iguana looks as sick as possible!
The iguana is heavily wounded.
The iguana closely misses you. The iguana bites you!
You hit the iguana but do no damage.
The iguana looks as sick as possible!
The iguana is heavily wounded.
The iguana bites you!
You hit the iguana.
The iguana is severely wounded.
The iguana closely misses you.
You closely miss the iguana.
The iguana is almost dead.
The iguana completely misses you. The iguana bites you!
* * * LOW HITPOINT WARNING * * *
It was a potion of degeneration.
There was something very wrong with that liquid.
You feel weakened.
You feel dopey.
You feel clumsy. The iguana bites you!!
You die...

## . ... ##.#.
#... #..#
##..#####.
#.l.......
#.@# #.###
#####..###....
#...........#
#.###...##.##
###...##.#
#........#
#.#......#
......###.###
#.....##.....#


You could see a neutral iguana (fast, strong, insane, extremely poisoned).

Vanquished Creatures
  An orc priest (D:3)
  Terence (D:3)
  An orc wizard (D:3)
  5 adders
  A worm (D:3)
  A dart slug (D:2)
  2 orcs (D:3)
  2 bats (D:3)
  6 endoplasms
  4 giant cockroaches
  5 goblins
  2 hobgoblins
  A quokka (D:1)
  4 ball pythons (D:1)
  2 frilled lizards (D:1)
  4 kobolds
  3 rats
45 creatures vanquished.

Notes
Turn   | Place    | Note
-------+----------+-------------------------------------------
     0 | D:1      | Explode1 the Minotaur Berserker began the quest for the
                  | Orb.
     0 | D:1      | Reached XP level 1. HP: 19/19 MP: 0/0
   199 | D:1      | Reached skill level 4 in Axes
   480 | D:1      | Reached XP level 2. HP: 24/26 MP: 1/1
  1260 | D:2      | Reached skill level 5 in Axes
  1260 | D:2      | Reached XP level 3. HP: 20/31 MP: 2/2
  1614 | D:2      | Found an iron altar of Okawaru.
  2176 | D:3      | Found a snail-covered altar of Cheibriados.
  2190 | D:3      | Reached skill level 6 in Axes
  2190 | D:3      | Reached XP level 4. HP: 39/39 MP: 3/3
  2207 | D:3      | Reached ** piety under Trog
  2421 | D:3      | Noticed Terence
  2438 | D:3      | Killed Terence
  2528 | D:3      | Noticed a +0 hand axe
  2529 | D:3      | Found a hide-covered altar of Uskayaw.
  2530 | D:3      | Noticed a +0 hand axe
  2640 | D:3      | Reached XP level 5. HP: 29/45 MP: 4/4
  3034 | D:3      | Found a blossoming altar of Fedhas.
  3137 | D:4      | Mangled by an iguana

Illustrated notes

Levels and vault maps discovered:
D:1:      kilobyte_arrival_exit_the_forest, layout_loops_ring,
          minmay_misc_feat_iff, kennysheep_pointless_box
D:2:      layout_loops_ring, basic_altar
D:3:      layout_rooms, lemuel_tele_altar, slow_altar_1,
          dancing_weapons_uskayaw, hangedman_decor_growths,
          kennysheep_flooded_box, uniq_terence
D:4:      layout_loops_cross, nemelex_spade_bored_becter

Skill      XL: |  1  2  3  4 |
---------------+-------------+-----
Axes           | 4 5 6 |  6.0
Maces & Flails | 3 |  3.8
Fighting       | |  3.6
Armour         | |  2.4
Dodging        | |  2.1

Action                   |  1- 3 |  4- 6 || total
-------------------------+-------+-------++-------
Melee: Hand axe          |    68 |     6 ||    74
       Headbutt          |    10 |     5 ||    15
       Punch             |     1 |       ||     1
       Whip              |       |    44 ||    44
Invok: Berserk           |       |     1 ||     1
  Use: Potion            |       |     1 ||     1
 Stab: Sleeping          |     1 |       ||     1
Armor: Animal skin       |     7 |       ||     7
       Leather armour    |     2 |     4 ||     6
       Ring mail         |       |     6 ||     6
Dodge: Dodged            |    34 |    24 ||    58
